 Dungeon Crawl Stone Soup version 0.24-a0-464-g6b2be6b8c7 (webtiles) character file.

Game seed: 11313429012242172228

2416 Azzok the Arsonist (level 9, -3/62 HPs)
             Began as a Hill Orc Fire Elementalist on July 3, 2019.
             Was a Believer of Vehumet.
             Slain by a centaur (8 damage)
             ... on level 7 of the Dungeon.
             The game lasted 00:14:57 (9652 turns).

Azzok the Arsonist (Hill Orc Fire Elementalist)     Turns: 9652, Time: 00:14:58

Health: -3/62      AC:  3    Str: 11    XL:     9   Next: 47%
Magic:  7/17       EV: 14    Int: 18    God:    Vehumet [**....]
Gold:   143        SH:  0    Dex: 11    Spells: 6/19 levels left

rFire    . . .     SeeInvis .   k - staff of air
rCold    . . .     Gourm    .   (no shield)
rNeg     . . .     Faith    .   a - +0 robe
rPois    .         Spirit   .   (no helmet)
rElec    +         Reflect  .   t - scarf {cloud immunity}
rCorr    .         Harm     .   j - +0 pair of gloves
MR       .....                  (no boots)
Stlth    ++........             (no amulet)
HPRegen  0.20/turn              r - ring of wizardry
MPRegen  0.15/turn              C - +2 ring of evasion

@: no status effects
A: no striking features
a: Renounce Religion


You were on level 7 of the Dungeon.
You worshipped Vehumet.
Vehumet was pleased with you.
You were not hungry.

You visited 1 branch of the dungeon, and saw 7 of its levels.
You also visited: Sewer.

You collected 431 gold pieces.
You spent 288 gold pieces at shops.

Inventory:

Armour
 a - a +0 robe (worn)
 j - a +0 pair of gloves (worn)
 t - a scarf of cloud immunity (worn)
Magical Staves
 k - an uncursed staff of air (weapon)
Jewellery
 r - a ring of wizardry (left hand)
 B - an uncursed ring of protection from fire
 C - a +2 ring of evasion (right hand)
 F - an uncursed ring of protection from magic
Wands
 x - a wand of paralysis (6)
 y - a wand of enslavement (8)
Scrolls
 f - a scroll of amnesia
 g - 2 scrolls of fear {unknown}
 h - 3 scrolls of fog
 i - 2 scrolls of immolation {unknown}
 p - 3 scrolls of remove curse
 q - 2 scrolls of magic mapping {unknown}
 s - 2 scrolls of blinking {unknown}
 v - a scroll of random uselessness {unknown}
 w - a scroll of enchant weapon {unknown}
 z - a scroll of enchant armour {unknown}
 A - a scroll of noise {unknown}
 D - a scroll of teleportation {unknown}
Potions
 b - a potion of invisibility
 d - 2 potions of flight {unknown}
 e - a potion of lignification
 l - 3 potions of haste
 m - 3 potions of curing
 n - 2 potions of resistance
 o - 2 potions of agility
 u - 2 potions of heal wounds {unknown}
Comestibles
 c - 4 rations


   Skills:
 - Level 1.5 Dodging
 - Level 1.5 Stealth
 + Level 5.7 Spellcasting
 + Level 7.1 Conjurations
 + Level 8.5 Fire Magic
 + Level 0.1 Evocations


You had 6 spell levels left.
You knew the following spells:

 Your Spells              Type           Power        Failure   Level  Hunger
a - Flame Tongue          Conj/Fire      ####.        1%          1    None
b - Conjure Flame         Conj/Fire      ####....     1%          3    ##.....
c - Sticky Flame          Conj/Fire      ####....     1%          4    ####...
d - Fireball              Conj/Fire      ####......   6%          5    #####..

Your spell library contained the following spells:

 Spells                   Type           Power        Failure   Level  Hunger
 Mephitic Cloud           Conj/Pois/Air  ###.....     6%          3    ##.....
 Throw Flame              Conj/Fire      ####..       1%          2    None
 Inner Flame              Hex/Fire       ###.....     2%          3    ##.....
 Poisonous Vapours        Pois/Air       #.....       8%          2    None
 Freezing Cloud           Conj/Ice/Air   ###.......   94%         6    #######
 Ring of Flames           Chrm/Fire      ###.......   99%         7    #######


Dungeon Overview and Level Annotations

Branches:
Dungeon (7/15)             Temple (0/1) D:6

Altars:
Elyvilon
Fedhas
Makhleb
Okawaru
Sif Muna
Uskayaw
Vehumet
Zin

Shops:
D:5 }[[*[

Annotations:
D:7 3 runed translucent doors, Goblin1989's ghost, novice GnAs


Message History

Casting: Sticky Flame (safe; 1% risk of failure)
Confirm with . or Enter, or press ? or * to list all spells.
Aiming: Flame Tongue (safe; 1% risk of failure)
Press: ? - help, Shift-Dir - straight line, f/p - centaur
Aim: a centaur (moderately wounded, covered in liquid flames)
The flame tongue hits the centaur!
The centaur is severely wounded.
The centaur burns!
The orc wizard casts a spell.
The orc wizard blinks!
The centaur hits you.
* * * LOW HITPOINT WARNING * * *
Casting: Flame Tongue (safe; 1% risk of failure)
Confirm with . or Enter, or press ? or * to list all spells.
Aiming: Flame Tongue (safe; 1% risk of failure)
Press: ? - help, Shift-Dir - straight line, f/p - centaur
Aim: a centaur (severely wounded, covered in liquid flames)
The flame tongue misses the centaur.
The centaur burns!
The centaur hits you but does no damage.
The centaur hits you!
You die...

▒▒···(▒ ·▒·····$(▒▒·
▒▒··▒··▒▒▒·▒··(····▒▒·
▒··§··(····▒····8··▒··
▒·····o▒··▒▒W(····(▒··
▒▒▒····(·▒··▒▒▒▒╬╬╬▒▒▒··
▒·····o·····▒▒········[·
···▒▒▒·▒o······▒▒········
▒▒▒ ▒▒·▒·················
▒··c@················
▒···▒·····"··)········
▒···▒·················
▒···▒·········▒·······
▒···▒▒········▒·▒▒▒▒▒·
·····▒▒······▒▒····▒▒·
······ ▒······▒▒▒≈≈·≈≈·
▒······ ▒▒······▒▒≈▒'▒≈·
▒······▒▒≈▒_▒≈·


You could see an orc warrior, a centaur (burning) and 2 orc wizards.

Vanquished Creatures
  Prince Ribbit (D:6)
  Grinder (D:6)
  Duvessa (D:6)
  2 ice beasts
  3 phantoms
  A centaur (D:5)
  A big kobold (D:6)
  A crocodile (Sewer)
  4 bullfrogs
  A water moccasin zombie (D:6)
  Dowan (D:6)
  2 bullfrog zombies (D:6)
  A quasit (D:5)
  A hound (D:6)
  4 orc priests
  A centaur skeleton (D:6)
  2 iguanas
  Natasha (thrice) (D:2)
  3 orc wizards
  4 worker ants
  A hound zombie (D:7)
  2 hound skeletons
  A worker ant zombie (D:6)
  A howler monkey zombie (D:7)
  10 adders
  4 river rats (D:4)
  An ooze (D:2)
  2 adder skeletons (D:5)
  8 worms
  A leopard gecko (D:4)
  13 orcs
  A ball python (D:1)
  8 bats
  6 giant cockroaches
  9 goblins
  9 hobgoblins
  10 jackals
  9 kobolds
  2 quokkas
  5 frilled lizards
  A quokka zombie (D:6)
  11 rats
153 creatures vanquished.

Vanquished Creatures (others)
  A goblin (D:2)
1 creature vanquished.

Grand Total: 154 creatures vanquished

Notes
Turn   | Place    | Note
-------+----------+-------------------------------------------
     0 | D:1      | Azzok the Hill Orc Fire Elementalist began the quest for
                  | the Orb.
     0 | D:1      | Reached XP level 1. HP: 14/14 MP: 3/3
   275 | D:1      | Reached XP level 2. HP: 20/20 MP: 2/4
   858 | D:2      | Reached XP level 3. HP: 26/26 MP: 4/6
  1018 | D:2      | Noticed Natasha
  1024 | D:2      | Killed Natasha
  1024 | D:2      | Reached skill level 4 in Fire Magic
  1043 | D:2      | Noticed Natasha
  1072 | D:2      | Killed Natasha
  1072 | D:2      | Reached XP level 4. HP: 17/33 MP: 1/7
  1167 | D:1      | Learned a level 3 spell: Conjure Flame
  1229 | D:2      | Found a radiant altar of Vehumet.
  1240 | D:2      | Became a worshipper of Vehumet
  1945 | D:2      | Noticed Natasha
  1961 | D:2      | Killed Natasha
  1961 | D:2      | Reached XP level 5. HP: 8/38 MP: 5/8
  2704 | D:2      | Found a hide-covered altar of Uskayaw.
  3480 | D:2      | Learned a level 4 spell: Sticky Flame
  3521 | D:3      | Reached XP level 6. HP: 45/45 MP: 8/10
  3688 | D:3      | Reached skill level 5 in Fire Magic
  4380 | D:4      | Reached * piety under Vehumet
  4380 | D:4      | Offered knowledge of Shock by Vehumet.
  4445 | D:4      | Found a glowing drain.
  4454 | Sewer    | Entered a sewer
  4546 | Sewer    | Reached XP level 7. HP: 37/50 MP: 8/12
  5103 | D:4      | Found a white marble altar of Elyvilon.
  5381 | D:5      | Entered Level 5 of the Dungeon
  5389 | D:5      | Found Xerul's Antique Armour Shop.
  5395 | D:5      | Found Qide's Assorted Antiques.
  5418 | D:5      | Bought a thick runed staff for 288 gold pieces
  5686 | D:5      | Found Saruxzal's Armour Boutique.
  5839 | D:5      | Found San Wuridaixt's Gadget Shop.
  5851 | D:5      | Found Urijots's Antique Armour Boutique.
  6011 | D:5      | Found a deep blue altar of Sif Muna.
  6042 | D:5      | Reached skill level 6 in Fire Magic
  6766 | D:6      | Found a staircase to the Ecumenical Temple.
  6798 | D:5      | Reached skill level 5 in Conjurations
  6798 | D:5      | Reached XP level 8. HP: 42/57 MP: 4/14
  6882 | D:6      | Offered knowledge of Searing Ray by Vehumet.
  7056 | D:6      | Found a burning altar of Makhleb.
  7058 | D:6      | Found a glowing silver altar of Zin.
  7058 | D:6      | Noticed an angel
  7059 | D:6      | Noticed a green death
  7219 | D:6      | Reached ** piety under Vehumet
  7228 | D:6      | Reached skill level 7 in Fire Magic
  7480 | D:6      | Noticed Grinder
  7488 | D:6      | Killed Grinder
  7493 | D:6      | Reached skill level 5 in Spellcasting
  7675 | D:6      | Found a blossoming altar of Fedhas.
  7703 | D:6      | Noticed Prince Ribbit
  7707 | D:6      | Killed Prince Ribbit
  7707 | D:6      | Reached XP level 9. HP: 54/62 MP: 9/16
  8069 | D:6      | Reached skill level 8 in Fire Magic
  8357 | D:6      | Noticed Duvessa
  8357 | D:6      | Noticed Dowan
  8364 | D:6      | Killed Duvessa
  8370 | D:6      | Killed Dowan
  8535 | D:6      | Learned a level 5 spell: Fireball
  9193 | D:7      | Found a runed translucent gate.
  9205 | D:7      | Offered knowledge of Mephitic Cloud by Vehumet.
  9285 | D:7      | Found a runed translucent gate.
  9288 | D:7      | Found a runed translucent gate.
  9301 | D:7      | Noticed Goblin1989's ghost (novice GnAs)
  9343 | D:7      | Found an iron altar of Okawaru.
  9652 | D:7      | Slain by a centaur

Levels and vault maps discovered:
D:1:      sevenhm_arrival_forest_fort_large_1, layout_rooms
D:2:      layout_basic, fiery_altar_vehumet, old_standard_altar,
          grunt_ministairs_8, uniq_natasha
D:3:      layout_basic, grunt_decor_fettered
D:4:      layout_loops_ring, elyvilon_altar_4, serial_glass, glass_columns_b,
          glass_columns_a, glass_columns_b, glass_columns_a,
          lightli_sewer_entry_pipes
D:5:      layout_gridville, lemuel_doored_altar, first_ration, serial_shops,
          nicolae_shop_stone, shop_statue, shop_fountains, shop, shop,
          nrook_uturn
D:6:      layout_rooms, grunt_temple_overflow_order_and_chaos_2,
          fedhas_ov_isle_minmay, minmay_temple_entry_slanted,
          serial_co_window_serial, co_window_corner_a, co_window_paths_a,
          co_window_of_opportunity_a, co_window_corner_a, co_window_cross_1,
          co_window_corner_b, co_window_broadway_b, co_window_of_opportunity_b,
          co_window_corner_b, co_window_2corner, glass_columns_b,
          glass_columns_a, glass_columns_b, uniq_grinder, uniq_duvessa,
          uniq_prince_ribbit1
D:7:      layout_rooms, grunt_temple_overflow_opulence, kennysheep_mini_moat,
          serial_shops, shop, ebering_ghost_rock_garden,
          nicolae_underground_beach

Skill      XL: |  1  2  3  4  5  6  7  8  9 |
---------------+----------------------------+-----
Spellcasting   | 2 3 4 5 |  5.7
Conjurations   | 2 3 4 5 6 7 |  7.1
Fire Magic     | 4 5 6 7 8 |  8.5
Dodging        | |  1.5
Stealth        | |  1.5
Evocations     | |  0.1

Action                   |  1- 3 |  4- 6 |  7- 9 || total
-------------------------+-------+-------+-------++-------
Melee: Unarmed           |       |     4 |       ||     4
       Staff             |       |       |    71 ||    71
 Cast: Flame Tongue      |    38 |   138 |   200 ||   376
       Sticky Flame      |       |     2 |    26 ||    28
  Use: Scroll            |     3 |       |     6 ||     9
       Potion            |       |     1 |       ||     1
  Eat: Chunk             |     1 |    12 |    15 ||    28
       Ration            |       |       |     2 ||     2
Armor: Robe              |     1 |    19 |    45 ||    65
Dodge: Dodged            |    10 |    48 |   171 ||   229

Table legend:
 A = Non-vault XP
 B = Vault XP
 C = Vault XP percentage of total XP
 D = Non-vault monster count
 E = Vault monster count
 F = Vault count percentage of total count
                 A         B        C        D         E       F
            +---------+---------+-------+---------+---------+-------
      Total |    2422 |    1030 |  29.8 |     124 |      29 |  19.0
            +---------+---------+-------+---------+---------+-------
        D:1 |      28 |       4 |  12.5 |      17 |       3 |  15.0
        D:2 |     150 |      41 |  21.5 |      23 |       3 |  11.5
        D:3 |     192 |       0 |   0.0 |      20 |       0 |   0.0
        D:4 |      74 |     112 |  60.2 |       4 |      13 |  76.5
        D:5 |     497 |       0 |   0.0 |      13 |       0 |   0.0
        D:6 |    1072 |     769 |  41.8 |      37 |       4 |   9.8
        D:7 |     409 |       0 |   0.0 |      10 |       0 |   0.0
      Sewer |       0 |     104 | 100.0 |       0 |       6 | 100.0
            +---------+---------+-------+---------+---------+-------
